 Dungeon Crawl Stone Soup version 0.31.0-32-g396128a36d (webtiles) character file.

Game seed: 1325648557842092812

373 Alphaeus the Ruffian (level 6, -1/41 HPs)
             Began as an Octopode Shapeshifter on Mar 19, 2024.
             Slain by Grinder (9 damage)
             ... on level 5 of the Dungeon.
             The game lasted 00:02:25 (2950 turns).

Alphaeus the Ruffian (Octopode Shapeshifter)        Turns: 2950, Time: 00:02:26

Health: -1/41      AC:  1    Str: 16    XL:     6   Next: 71%
Magic:  6/6        EV: 18    Int: 12    God:
Gold:   174        SH:  0    Dex: 11    Spells: 5/5 levels left

rFire   . .          .
                       - Unarmed
rCold   . . .        (no shield)
rNeg    . . .        (helmet currently unavailable)
rPois   .            h - amulet of regeneration
rElec   .            k - +5 ring of evasion
rCorr   .            (no ring)
SInv    .            (no ring)
Will    .....        (no ring)
Stlth   ++           (no ring)
HPRegen 1.06/turn    (no ring)
MPRegen 0.10/turn    (no ring)
                     (no ring)

%: no passive effects
@: beast-form
A: beast (slay +2), almost no armour, amphibious, 8 rings, camouflage 1,
gelatinous body 1, (nimble swimmer 1), tentacles
a: Begin Untransformation


You were on level 5 of the Dungeon.
You were a hulking beast.
You visited 1 branch of the dungeon, and saw 5 of its levels.

You collected 174 gold pieces.

Inventory:

Missiles
 l - a throwing net (quivered)
Jewellery
 f - a ring of wizardry
 h - an amulet of regeneration (around mantle)
 k - a +5 ring of evasion (left tentacle)
 o - a ring of positive energy
 q - a ring of magical power
Talismans
 b - a beast talisman
 c - a flux talisman
Scrolls
 d - 2 scrolls of poison {unknown}
 g - 4 scrolls of identify {unknown}
 n - a scroll of teleportation {unknown}
 r - a scroll of vulnerability {unknown}
 s - a scroll of noise {unknown}
 t - a scroll of fog {unknown}
Potions
 a - a potion of lignification
 e - a potion of mutation {unknown}
 i - a potion of heal wounds {unknown}
 j - a potion of curing {unknown}
 m - a potion of degeneration {unknown}
 p - a potion of resistance {unknown}
 u - a potion of haste {unknown}


   Skills:
 + Level 2.6 Fighting
 + Level 3.2 Dodging
 * Level 4.8 Unarmed Combat
 * Level 4.6 Shapeshifting


You had 5 spell levels left.
You didn't know any spells.
Your spell library contained the following spells:

 Spells                   Type           Power      Damage    Failure   Level
 Apportation              Tloc           0%         N/A       32%         1
 Necrotise                Necr           0%         1d4       32%         1
 Sting                    Conj/Alch      0%         1d3       32%         1
 Summon Small Mammal      Summ           0%         N/A       32%         1
 Hailstorm                Conj/Ice       0%         3d5       69%         3
 Ozocubu's Armour         Ice            0%         N/A       69%         3
 Summon Ice Beast         Ice/Summ       0%         N/A       69%         3
 Metabolic Englaciation   Hex/Ice        0%         N/A       100%        5
 Sculpt Simulacrum        Ice/Alch       0%         N/A       100%        6


Dungeon Overview and Level Annotations

Branches:
Dungeon (5/15)
 Temple: D:4-7

Altars:

Shops:
D:4 *

Annotations:
D:5 Grinder, Pikel


Innate Abilities, Weirdness & Mutations

You are a hulking beast.
Your limbs bulge with bestial killing power. (Slay +2)
You cannot wear most types of armour.
You are amphibious.
You can wear up to eight rings at the same time.
Your skin changes colour to match your surroundings (Stealth+).
Your rubbery body absorbs attacks. (AC +1, EV +1)
((You are camouflaged when in or above water. (Stealth+)))
You have tentacles for arms and can constrict up to eight enemies at once.


Message History

The puff of frost hits you.
A lemure comes into view.
Grinder closely misses you.
You barely miss Grinder.
Grinder is moderately wounded.
You constrict Grinder, but do no damage.
The ice beast hits you. The ice beast freezes you!
A lemure comes into view.
Grinder gestures at you. You resist with significant effort.
A lemure comes into view.
You are too injured to fight recklessly!
You are too injured to fight recklessly!
You are too injured to fight recklessly!
You are too injured to fight recklessly!
You are too injured to fight recklessly!
You are too injured to fight recklessly!
You are too injured to fight recklessly!
You are too injured to fight recklessly!
You are too injured to fight recklessly!
You are too injured to fight recklessly!
You are too injured to fight recklessly!
You are too injured to fight recklessly!
You are too injured to fight recklessly!
You release your grip on Grinder.
Grinder says, "You look like you could use a good racking."
You tentacle-slap Grinder. You grab Grinder. You squeeze Grinder!
Grinder is severely wounded.
You constrict Grinder, but do no damage.
Grinder hits you.
* * * LOW HITPOINT WARNING * * *
You writhe in agony.
* * * LOW HITPOINT WARNING * * *
The lemure shouts!
You tentacle-slap Grinder but do no damage.
You squeeze Grinder!
Grinder is almost dead.
You constrict Grinder. Grinder hits you!
You die...
Grinder says, "Hey, I wasn't done torturing you yet!"

#.........
#........
#.......
###......
.......
#....
..#.##.K###
...5...Y5h#
....#..##.#
5 #.5.. ..#
##.#.####
55.<. ..#
.. ... ...
.. ##.


You could see Pikel, Grinder, an ice beast and 2 lemures.

Vanquished Creatures
  Sigmund (D:3)
  An orc priest (D:4)
  A jelly (D:4)
  4 gnolls (D:3)
  4 adders
  2 ribbon worms (D:2)
  7 orcs
  4 ball pythons
  8 endoplasms
  2 giant cockroaches (D:1)
  7 goblins
  4 hobgoblins
  6 jackals
  A quokka (D:4)
  5 bats
  5 frilled lizards
  7 kobolds
  3 rats
72 creatures vanquished.

Notes
Turn   | Place    | Note
-------+----------+-------------------------------------------
     0 | D:1      | Alphaeus the Octopode Shapeshifter began the quest for the
                  | Orb.
     0 | D:1      | Reached XP level 1. HP: 13/13 MP: 1/1
   142 | D:1      | Reached XP level 2. HP: 18/18 MP: 2/2
   817 | D:1      | Reached XP level 3. HP: 23/23 MP: 3/3
  1472 | D:2      | Found a faded altar of an unknown god.
  1472 | D:2      | Noticed a sixfirhy
  1967 | D:3      | Reached XP level 4. HP: 12/28 MP: 4/4
  2100 | D:3      | Reached XP level 5. HP: 33/34 MP: 5/5
  2202 | D:3      | Noticed Sigmund
  2212 | D:3      | Killed Sigmund
  2213 | D:3      | Reached XP level 6. HP: 33/41 MP: 6/6
  2488 | D:4      | Found Moune's Assorted Antiques.
  2943 | D:5      | Entered Level 5 of the Dungeon
  2943 | D:5      | Noticed Pikel
  2943 | D:5      | Noticed Grinder
  2943 | D:5      | Noticed an ice beast
  2950 | D:5      | Slain by Grinder

Illustrated notes

Levels and vault maps discovered:
D:1:      wander_arrival_desolate, layout_loops_corners
D:2:      layout_loops_corners, dreamdust_ecumenical_altar_sealed_demon
D:3:      layout_rooms, chequers_serial_rivers_room_a, uniq_sigmund
D:4:      layout_cave_pools, serial_shops, shop, kennysheep_generic_room_15
D:5:      layout_basic, minmay_temple_entry_fiery,
          minmay_hollow_rounded_squares, uniq_pikel, uniq_grinder

Skill      XL: |  1  2  3  4  5 |
---------------+----------------+-----
Unarmed Combat | 4 |  4.8
Fighting       | 2 |  2.6
Dodging        | 3 |  3.2
Shapeshifting  | 4 |  4.6

Action                     |  1- 3 |  4- 6 || total
---------------------------+-------+-------++-------
  Melee: Unarmed           |    69 |    88 ||   157
         Constrict         |    10 |    20 ||    30
         Tentacles         |    10 |    11 ||    21
         Punch             |     1 |     1 ||     2
   Stab: Sleeping          |    10 |     4 ||    14
 Armour: Skin              |    31 |    31 ||    62
  Dodge: Dodged            |    43 |    71 ||   114
